 Dungeon Crawl Stone Soup version 0.28-a0-317-g21599a725c (webtiles) character file.

Game seed: 6447104471409193925

23 AarnesTheHuman the Chiller (level 2, 21/21 HPs)
             Began as a Barachi Ice Elementalist on Sept 1, 2021.
             Was an Initiate of Ashenzari.
             Got out of the dungeon alive.
             The game lasted 00:01:27 (1193 turns).

AarnesTheHuman the Chiller (BaIE)                   Turns: 1193, Time: 00:01:28

Health: 21/21      AC:  2    Str:  9    XL:     2   Next: 95%
Magic:  5/5        EV: 12    Int: 15    God:    Ashenzari [......]
Gold:   95         SH:  0    Dex: 12    Spells: 5/6 levels left

rFire   . . .      SeeInvis .   c - +0 dagger
rCold   . . .      Faith    .   (no shield)
rNeg    . . .      Spirit   .   a - +0 robe
rPois   .          Reflect  .   (no helmet)
rElec   .          Harm     .   (no cloak)
rCorr   .          Rampage  .   (no gloves)
Will    .....                   (no boots)
Stlth   ++........              (no amulet)
HPRegen 0.07/turn               (no ring)
MPRegen 0.09/turn               (no ring)

@: slow
A: amphibious, slowness 1, strong legs 1, +LOS
a: Hop, Renounce Religion, Curse Item


You escaped.
You worshipped Ashenzari.
Ashenzari was noncommittal.
You visited 1 branch of the dungeon, and saw 1 of its levels.

You collected 95 gold pieces.

Inventory:

Hand Weapons
 c - a +0 dagger (weapon)
Missiles
 f - 15 poisoned darts
Armour
 a - a +0 robe (worn)
Jewellery
 b - a ring of fire
 h - a ring of positive energy
Scrolls
 d - a scroll of magic mapping
 e - a scroll of summoning
 g - a scroll of identify


   Skills:
 + Level 1.2 Fighting
 - Level 2.1 Dodging
 - Level 1.7 Stealth
 + Level 2.5 Spellcasting
 * Level 5.4 Ice Magic


You had 5 spell levels left.
You knew the following spells:

 Your Spells              Type           Power      Damage    Failure   Level
a - Freeze                Ice            72%        1d9       2%          1

Your spell library contained the following spells:

 Spells                   Type           Power      Damage    Failure   Level
 Frozen Ramparts          Ice            36%        1d5       7%          3
 Ozocubu's Armour         Ice            18%        N/A       7%          3
 Hailstorm                Conj/Ice       10%        3d5       56%         4


Dungeon Overview and Level Annotations

Branches:
Dungeon (1/15)

Altars:
Ashenzari


Innate Abilities, Weirdness & Mutations

You are amphibious.
You cover ground slowly.
You can hop short distances.
You have an extended range of vision and can be seen from far away.


Message History

The goblin shouts!
You barely miss the goblin. The goblin closely misses you.
You hit the goblin.
The goblin is severely wounded.
The goblin closely misses you.
You hit the goblin but do no damage.
The goblin is severely wounded.
The goblin closely misses you.
You hit the goblin.
You kill the goblin!
No target in view!
You now have 69 gold pieces (gained 10).
You now have 80 gold pieces (gained 11).
g - a scroll labelled YLODUI TOST You now have 89 gold pieces (gained 9).
Found a robe.
h - a ring of positive energy You now have 95 gold pieces (gained 6).
Found 28 arrows.
You see here 28 arrows.
Done exploring.
Done exploring.
Search for what [? for help]? .
You see here 28 arrows.
There is an open door here.
There is a faded altar of an unknown god here.
You cannot tell which god this altar belongs to.
Convert to them anyway?
Ashenzari accepts your prayer! Ashenzari welcomes you!
d - a scroll of magic mapping;
e - a scroll of summoning
g - a scroll of identify Ashenzari warns you of distant threats and treasures.
Ashenzari reveals the structure of the dungeon to you.
Ashenzari shows you where magical portals lie.
Ashenzari prevents you from stumbling into unseen traps.
Ashenzari identifies your possessions.
There is an open door here.
Ashenzari invites you to partake of a vision and a curse of fortitude and ranged combat.
You open the door.
There is an open door here.
There is a fountain of clear blue water here.
There is a staircase leading out of the dungeon here.
Are you sure you want to leave the Dungeon?
This will make you lose the game!
You have escaped!

.........##...#.###.#
.................#..#
........###...#.#.#.####
.......###.............#######
......## #....##'##..........#
.....## #....#...#...######.#
###### #..###.⌠.###.# #.#
#..#.......#.# #.#
#..#.⌠.@.⌠.#.# ##(##
#..#.......#.# ##.#.##
#..###.⌠.###^# ##.###.##
#....#...#...# #.## ##.#
#....##'##...# ##.###.##
#............# ##.#.##
##########.#.#######..# ##.##
..............# #.## #.#
..#######.....#### #.# #.#


There were no monsters in sight!

Vanquished Creatures
  A gnoll (D:1)
  2 endoplasms (D:1)
  2 goblins (D:1)
  2 hobgoblins (D:1)
  2 jackals (D:1)
  A kobold (D:1)
  A rat (D:1)
11 creatures vanquished.

Notes
Turn   | Place    | Note
-------+----------+-------------------------------------------
     0 | D:1      | AarnesTheHuman the Barachi Ice Elementalist began the quest
                  | for the Orb.
     0 | D:1      | Reached XP level 1. HP: 13/13 MP: 3/3
   233 | D:1      | Reached skill level 5 in Ice Magic
   277 | D:1      | Reached skill level 1 in Fighting
   277 | D:1      | Reached XP level 2. HP: 8/21 MP: 1/5
   648 | D:1      | Found a faded altar of an unknown god.
  1141 | D:1      | Became a worshipper of Ashenzari the Shackled
  1193 | D:$      | Got out of the dungeon alive.

Illustrated notes

Levels and vault maps discovered:
D:1:      dpeg_arrival_simpleton_c, layout_loops_ring,
          hellmonk_ecumenical_altar_slurped_away, amcnicky_mini_corridor_feature

Skill      XL: |  1 |
---------------+----+-----
Ice Magic      | 5 |  5.4
Fighting       | 1 |  1.2
Dodging        | |  2.1
Stealth        | |  1.7
Spellcasting   | |  2.5

Action                   || total
-------------------------++-------
Melee: Dagger            ||    17
       Unarmed           ||     1
 Cast: Freeze            ||    13
 Stab: Sleeping          ||     1
Armor: Robe              ||     1
Dodge: Dodged            ||    14

Table legend: (Time is in decaauts)
 A = Elapsed time spent in this place.
 B = Non-inter-level travel time spent in this place.
 C = Inter-level travel time spent in this place.
 D = Time resting spent in this place.
 E = Time spent auto-exploring this place.
 F = Levels seen in this place.
 G = Mean time per level.
                   A        B        C        D        E       F      G
               +--------+--------+--------+--------+--------+-----+--------+
         Total |   1317 |   1183 |    134 |    193 |    839 |   1 | 1317.0 |
       Dungeon |   1317 |   1183 |    134 |    193 |    839 |   1 | 1317.0 |
               +--------+--------+--------+--------+--------+-----+--------+

Top non-repeatable levels by time:
     D:1: 1317 daAuts
